cohdb
Replays
Latest Replays
All Replays
Popular Replays
Top Player Replays
Match Explorer
How It Works
Community
CoH3 Stats
Reddit
Sign in to upload your games and track your stats! →
Sign in with Steam
Match 45594370
Unlisted
Match 45594370
Overview
Messages
Build Orders
End
Panzergrenadier Squad
Selects Battlefield Espionage Battlegroup
250 Light Carrier
Panzergrenadier Squad
Construct Light Support Kompanie
Assault Grenadier Squad
Fire Support Elements
Panzerjäger Squad
Selects 250/3 Funkpanzerwagen
250/3 Funkpanzerwagen
Veteran Squad Leaders
2.5-tonne Medical Truck
Selects Anti-Tank Incendiary Munitions
Construct Panzerarmee Kommand
Selects Intel Disruption Beacon
Assault Mechanized Group
Selects Plunder
Pak 38 Anti-tank Gun Team
Selects Firestorm
Firestorm
Pak 38 Anti-tank Gun Team
Flak 36 Anti-tank Gun Team
Panzergrenadier Squad
Selects Operation Skorpion
JeonGong
Oncle-Hô
March7th~ttv
yourdad
Griswold189
Nah
BodyPen
Timothy E. Upham
0
0
Comments
sign in to comment!
No comments posted yet!